 Dungeon Crawl Stone Soup version 0.19-a0-1899-g2d93087 (webtiles) character file.

224 Amnesiac the Insei (level 6, -1/32 HPs)
             Began as a Vine Stalker Monk on Oct 19, 2016.
             Was an Initiate of Gozag.
             Killed by divine providence
             ... invoked by an orc priest
              (10 damage)
             ... on level 4 of the Dungeon.
             The game lasted 00:04:31 (2855 turns).

Amnesiac the Insei (Vine Stalker Monk)              Turns: 2855, Time: 00:04:32

Health: -1/32      AC:  5    Str: 14    XL:     6   Next: 0%
Magic:  0/7        EV: 14    Int: 10    God:    Gozag
Gold:   555        SH:  0    Dex: 18    Spells: 0 memorised, 5 levels left

rFire  + . .     SeeInvis .       - Unarmed
rCold  + . .     Gourm    .     d - +2 robe {rC+ rF+}
rNeg   . . .     Faith    .     (no shield)
rPois  .         Spirit   +     (no helmet)
rElec  .         Reflect  .     (no cloak)
rCorr  .         Harm     .     c - +0 pair of gloves
MR     .....                    (no boots)
Stlth  ++........               (no amulet)
                                (no ring)
                                (no ring)

@: gold aura
A: fangs 2, regeneration 1, magic shield, antimagic bite, no device heal 3, rot
immunity
a: Potion Petition, Call Merchant, Bribe Branch, Renounce Religion


You were on level 4 of the Dungeon.
You worshipped Gozag.
Gozag was pleased with you.
You were full.

You visited 1 branch of the dungeon, and saw 4 of its levels.

You collected 555 gold pieces.

Inventory:

Hand Weapons
 i - a +0 blowgun
Missiles
 g - 4 curare-tipped needles
Armour
 c - a +0 pair of gloves (worn)
 d - a +2 robe of resistance (worn)
Scrolls
 b - a scroll of enchant armour {unknown}
 e - a scroll of magic mapping {unknown}
 h - a scroll of blinking {unknown}
 j - 2 scrolls of remove curse {unknown}
 l - a scroll of teleportation {unknown}
 m - a scroll of identify {unknown}
 n - a scroll of fog {unknown}
Potions
 f - 2 potions of curing {unknown}
 k - a potion of cancellation {unknown}
Comestibles
 a - 3 meat rations
 o - a beef jerky


   Skills:
 - Level 3.0 Fighting
 - Level 3.2 Dodging
 - Level 2.4 Stealth
 + Level 5.7 Unarmed Combat


You had 5 spell levels left.
You didn't know any spells.

Dungeon Overview and Level Annotations

Branches:
Dungeon (4/15)
 Temple: D:4-7

Altars:
Elyvilon
Gozag
Sif Muna
Uskayaw
Zin


Innate Abilities, Weirdness & Mutations

You have extremely sharp teeth.
Your natural rate of healing is unusually fast.
When hurt, damage is shared between your health and your magic reserves.
Your bite disrupts and absorbs the magic of your enemies.
Potions and wands cannot restore your health.
You are immune to rotting.


Message History

Increase (S)trength, (I)ntelligence, or (D)exterity?
You feel agile. The orc closely misses you.
Okay, then.
You barely miss the orc. You bite the orc. You drain its power.
You feel invigorated.
The orc is lightly wounded.
The orc closely misses you. The orc completely misses you.
An orc comes into view. It is wielding a short sword.
The orc shouts!
You hit the orc. You bite the orc, but do no damage.
The orc is heavily wounded.
The orc closely misses you. The orc barely misses you.
You hit the orc.
The orc is heavily wounded.
The orc moves out of view.
The orc closely misses you.
The orc priest calls down the wrath of Beogh upon you.
Beogh smites you!
You die...
Your body crumbles into a pile of gold.

##### ####### #...#
#.....# # #.#)#
######.....+
.#.#.###@#.#
#....+.....#
......loo#.#
#.##.#.....#
#...##ooo#.#
#.##<#.....# #
..#..##.###.##.'.....#
............##.#.....#
....###.########......
..#. #.#.........#...
...#. ..#.######.##.#.
..#.#. #### #.##.#.


You could see an orc priest, 4 orcs and a frilled lizard.

Vanquished Creatures
  2 orc priests
  An orc wizard (D:4)
  2 worker ants (D:4)
  3 worms
  A dart slug (D:3)
  3 leopard geckos
  9 orcs
  A ball python (D:1)
  4 giant cockroaches
  8 goblins
  9 hobgoblins
  4 jackals (D:2)
  5 kobolds
  2 quokkas
  3 bats
  5 frilled lizards
  8 rats
70 creatures vanquished.

Notes
Turn   | Place    | Note
-------+----------+-------------------------------------------
     0 | D:1      | Amnesiac the Vine Stalker Monk began the quest for the Orb.
     0 | D:1      | Reached XP level 1. HP: 11/11 MP: 2/2
   136 | D:2      | Found a glowing silver altar of Zin.
   273 | D:2      | Reached XP level 2. HP: 10/16 MP: 1/3
   570 | D:4      | Found a white marble altar of Elyvilon.
   594 | D:3      | Found an opulent altar of Gozag.
   602 | D:3      | Became a worshipper of Gozag Ym Sagoz the Greedy
   631 | D:3      | Found a white marble altar of Elyvilon.
   672 | D:2      | Reached XP level 3. HP: 19/20 MP: 4/4
  1479 | D:2      | Found a hide-covered altar of Uskayaw.
  1481 | D:2      | Noticed a hand axe
  1482 | D:2      | Noticed a dagger
  1955 | D:3      | Gained mutation: Your natural rate of healing is unusually fast. [Vine Stalker growth]
  1955 | D:3      | Reached XP level 4. HP: 7/24 MP: 5/5
  2154 | D:3      | Reached skill level 4 in Unarmed Combat
  2186 | D:3      | Found a deep blue altar of Sif Muna.
  2223 | D:3      | Reached XP level 5. HP: 14/28 MP: 3/6
  2511 | D:4      | Noticed a phantom
  2518 | D:4      | Reached skill level 5 in Unarmed Combat
  2852 | D:4      | Reached XP level 6. HP: 7/32 MP: 1/7
  2855 | D:4      | Killed from afar by an orc priest

Vault maps used:
D:1:      ncdulo_watergridlock, serial_curves, eino_curves_03, eino_curves_03,
          minmay_tromino_v4_a
D:2:      dancing_weapons_uskayaw, lemuel_coloured_pillars_altar,
          serial_bayou_lagoon_a, kennysheep_generic_room_10
D:3:      led_sif_pool, grunt_gozag_statues, elyvilon_altar_5
D:4:      lemuel_doored_altar, first_bread

Skill      XL: |  1  2  3  4  5 |
---------------+----------------+-----
Fighting       | 3 |  3.0
Dodging        | 3 |  3.2
Unarmed Combat | 4 5 |  5.7
Stealth        | |  2.4

Action                   |  1- 3 |  4- 6 || total
-------------------------+-------+-------++-------
Melee: Unarmed           |   134 |    98 ||   232
       Bite              |    27 |    31 ||    58
       Punch             |     1 |     3 ||     4
Invok: Potion Petition   |     1 |       ||     1
  Use: Potion            |     2 |       ||     2
 Stab: Sleeping          |     8 |     1 ||     9
  Eat: Bread ration      |     1 |     1 ||     2
       Royal jelly       |       |     1 ||     1
Armor: Robe              |    30 |    16 ||    46
Dodge: Dodged            |    80 |    53 ||   133
